 Seeded DCSS version 0.29.1-12-g30fa7ad0bf (webtiles) character file.

Game seed: 20230113 (custom seed)

4153 stormannn the Ducker (level 9, -7/117 HPs)
             Began as a Demigod Fighter on Jan 13, 2023.
             Mangled by a yak (11 damage)
             ... on level 8 of the Dungeon.
             The game lasted 00:23:35 (11073 turns).

stormannn the Ducker (Demigod Fighter)             Turns: 11073, Time: 00:23:36

Health: -7/117     AC: 24    Str: 17    XL:     9   Next: 80%
Magic:  11/11      EV:  2    Int: 18    God:
Gold:   546        SH:  6    Dex: 17    Spells: 8/8 levels left

rFire   + . .      SeeInvis .   g - +4 hand axe
rCold   + . .      Faith    .   c - +0 buckler
rNeg    . . .      Spirit   .   (body armour currently unavailable)
rPois   +          Reflect  .   (helmet currently unavailable)
rElec   +          Harm     .   (cloak currently unavailable)
rCorr   +          Rampage  .   (gloves currently unavailable)
Will    .....      NoTele   +   (boots currently unavailable)
Stlth   ++........              (no amulet)
HPRegen 0.29/turn               r - +4 ring of evasion
MPRegen 0.12/turn               (no ring)

@: tree-form, resistant, attractive, hasted, invisible, very quick
A: stationary, stasis, torment immunity, boosted hp, high MP 1, forlorn, divine
attributes
a: no special abilities


You were on level 8 of the Dungeon.
You were a tree.
You visited 1 branch of the dungeon, and saw 8 of its levels.
You also visited: Ossuary.

You collected 690 gold pieces.
You spent 144 gold pieces at shops.

Inventory:

Hand Weapons
 g - a +4 hand axe (weapon)
Missiles
 q - 5 poisoned darts
 u - 6 curare-tipped darts (quivered)
 v - a throwing net
Armour
 b - a +1 scale mail (melded)
 c - a +0 buckler (worn)
 s - a +2 pair of gloves (melded)
 w - a +0 pair of boots (melded)
Jewellery
 r - a +4 ring of evasion (left branch)
Wands
 a - a wand of roots (12)
 y - a wand of paralysis (7)
Scrolls
 f - 4 scrolls of poison
 m - 4 scrolls of teleportation
Potions
 e - 4 potions of mutation
 k - a potion of brilliance {unknown}
 l - a potion of degeneration {unknown}
 n - a potion of ambrosia {unknown}
 o - 2 potions of lignification
 p - a potion of invisibility
 t - 2 potions of magic


   Skills:
 * Level 6.5 Fighting
 + Level 5.6 Axes
 + Level 6.2 Armour
 + Level 7.2 Dodging
 + Level 6.0 Shields


You had 8 spell levels left.
You didn't know any spells.
Your spell library contained the following spells:

 Spells                   Type           Power      Damage    Failure   Level
 Foxfire                  Conj/Fire      0%         2x1d4     28%         1
 Magic Dart               Conj           0%         1d3       28%         1
 Searing Ray              Conj           0%         2d4       38%         2
 Confusing Touch          Hex            0%         N/A       63%         3
 Conjure Flame            Conj/Fire      0%         6-21      63%         3
 Inner Flame              Hex/Fire       0%         N/A       63%         3
 Flame Wave               Conj/Fire      0%         2d4       95%         4
 Fulminant Prism          Conj/Hex       0%         3d6       95%         4
 Hailstorm                Conj/Ice       0%         3d3       95%         4
 Ice Form                 Ice/Tmut       0%         N/A       95%         4
 Yara's Violent Unravell  Hex/Tmut       0%         3d3       100%        5
 Simulacrum               Ice/Necr       0%         N/A       100%        6
 Enfeeble                 Hex            0%         N/A       100%        7


Dungeon Overview and Level Annotations

Branches:
Dungeon (8/15)             Temple (0/1) D:7         Ossuary (visited)
   Lair: D:8-11

Shops:
D:4 !*

Annotations:
D:4 2 transporters, Hrothgar's ghost, amateur HOVM
D:5 3 runed translucent doors, stormannn's ghost, novice DgFi


Innate Abilities, Weirdness & Mutations

You are a tree.
Your roots penetrate the ground, keeping you stationary.
You cannot be teleported.
You are immune to unholy pain and torment.
Your maximum health is greatly increased.
Your equipment is partially melded.
You have an increased reservoir of magic. (+10% MP)
You shall have no god before yourself.
Your divine heritage dramatically boosts your attributes as you level up.


Message History

The yak is severely wounded.
You hit the yak. The yak gores you but does no damage. The yak misses you.
You slash the yak!
The yak is almost dead.
You hit the yak but do no damage. The yak gores you.
The yak closely misses you.
You hit the yak.
You kill the yak!
You barely miss the yak. You block the yak's attack.
You barely miss the yak. You slash the yak!
You kill the yak!
The yak gores you!
* * * LOW HITPOINT WARNING * * *
You hit the yak.
The yak is lightly wounded.
You hit the yak. The yak barely misses you. The yak gores you!
* * * LOW HITPOINT WARNING * * *
Okay, then.
Okay, then.
Really quaff the potion of lignification?
You turn into a tree.
Your +2 pair of gloves melds into your body.
Your +0 pair of boots melds into your body.
Your +1 scale mail melds into your body.
Your roots penetrate the ground.
The yak gores you but does no damage. x2
You fade into invisibility!
The yak gores you but does no damage. The yak gores you.
* * * LOW HITPOINT WARNING * * *
It was a potion of attraction.
You feel attractive to monsters. You block the yak's attack. x2
It was a potion of resistance.
You feel protected. The yak barely misses you. You block the yak's attack.
It was a potion of haste.
You feel yourself speed up.
The yak gores you but does no damage. x2
Okay, then.
You cannot teleport because you are held in place by your roots.
It was a potion of flight.
Your roots keep you in place.
The yak gores you!
You die...

######### #.......# ######
#.#####.# .....###.# #.#
.........#####.###########
####.###.......Y♣YYY......
.###.###.#####.####.######
.##.#.##.#####.. .#
...###.......... Y#
###.#.##.......#. .#
.......#.#####... Y.
##........## #.#.# Y#
............ .. Y#
##...[....##


You could see 4 yaks.

Vanquished Creatures
  A slime creature (D:8)
  4 yaks (D:8)
  2 ice beasts
  5 orc warriors
  3 black bears
  4 ogres
  A kobold brigand (D:7)
  4 bullfrogs
  2 elf zombies (Ossuary)
  A necrophage (D:7)
  A scorpion (D:7)
  A gnoll sergeant (D:7)
  5 wights (D:6)
  3 killer bees (D:7)
  A howler monkey (D:6)
  3 hounds
  3 orc priests
  A gnoll bouda (D:4)
  A jelly (D:8)
  2 iguanas
  15 orc wizards
  Ijyb (D:5)
  2 mummies (Ossuary)
  8 gnolls
  7 adders
  2 shadow imps
  3 white imps
  10 worms
  4 dart slugs (D:3)
  33 orcs
  3 bats
  2 endoplasms (D:1)
  2 giant cockroaches (D:1)
  3 gnoll zombies (Ossuary)
  5 goblins (D:1)
  6 hobgoblins
  4 jackals (D:4)
  7 kobolds
  8 quokkas
  9 ball pythons
  6 frilled lizards
  3 goblin zombies (Ossuary)
  4 hobgoblin zombies (Ossuary)
  2 orc zombies (Ossuary)
  6 rats
203 creatures vanquished.

Vanquished Creatures (others)
  An orc wizard (D:5)
1 creature vanquished.

Grand Total: 204 creatures vanquished

Notes
Turn   | Place    | Note
-------+----------+-------------------------------------------
     0 | D:1      | stormannn the Demigod Fighter began the quest for the Orb.
     0 | D:1      | Reached XP level 1. HP: 18/18 MP: 3/3
   335 | D:1      | Reached XP level 2. HP: 23/25 MP: 4/4
   427 | D:1      | Reached skill level 1 in Dodging
   443 | D:1      | You fall into a shaft and drop 1 floor!
  1054 | D:1      | Reached XP level 3. HP: 28/31 MP: 5/5
  2490 | D:3      | Reached skill level 2 in Dodging
  2490 | D:3      | Reached XP level 4. HP: 29/38 MP: 6/6
  3000 | D:3      | Noticed an ogre
  3009 | D:3      | Killed an ogre
  3010 | D:3      | Reached XP level 5. HP: 45/45 MP: 7/7
  3225 | D:4      | Found a transporter.
  3231 | D:4      | Found Eqekot's Overcharged Wands.
  3306 | D:4      | Noticed an ogre
  3314 | D:4      | Killed an ogre
  3315 | D:4      | Reached skill level 3 in Dodging
  3315 | D:4      | Reached XP level 6. HP: 51/51 MP: 8/8
  3378 | D:4      | Found Boimeth's Distillery.
  3379 | D:4      | Found a transporter.
  3610 | D:4      | Bought a potion of curing for 36 gold pieces
  3610 | D:4      | Bought a potion of heal wounds for 60 gold pieces
  3783 | D:4      | Found Qaduycs's Assorted Antiques.
  4097 | D:4      | Noticed Hrothgar's ghost (amateur HOVM)
  4823 | D:4      | Reached XP level 7. HP: 40/58 MP: 9/9
  5032 | D:4      | Bought a potion of might for 48 gold pieces
  5068 | D:5      | Entered Level 5 of the Dungeon
  5175 | D:5      | Reached skill level 4 in Dodging
  5226 | D:5      | Found a sand-covered staircase.
  5235 | Ossuary  | Entered an ossuary
  5912 | D:5      | Noticed stormannn's ghost (novice DgFi)
  5913 | D:5      | Found a runed translucent gate.
  5913 | D:5      | Found a runed translucent gate.
  5913 | D:5      | Found a runed translucent gate.
  5931 | D:5      | Noticed Ijyb
  5940 | D:5      | Killed Ijyb
  6117 | D:5      | Reached skill level 5 in Dodging
  6157 | D:5      | Reached XP level 8. HP: 60/67 MP: 10/10
  7346 | D:6      | Reached skill level 5 in Armour
  7368 | D:6      | Reached skill level 5 in Shields
  7555 | D:6      | Reached skill level 5 in Fighting
  7636 | D:6      | Reached skill level 6 in Dodging
  9271 | D:7      | Reached XP level 9. HP: 74/74 MP: 11/11
  9302 | D:7      | Found a staircase to the Ecumenical Temple.
  9453 | D:7      | Reached skill level 5 in Axes
 10679 | D:8      | Reached skill level 7 in Dodging
 11069 | D:8      | HP: 3/117 [yak (4)]
 11073 | D:8      | Mangled by a yak

Illustrated notes

Levels and vault maps discovered:
D:1:      wander_arrival_fairy_ring, layout_basic,
          hellmonk_ecumenical_altar_leap_of_faith, st_stairs_6
D:2:      layout_basic
D:3:      layout_basic, overflow_temple_1_default
D:4:      layout_basic, serial_corexii_hall, corexii_hall_statues_deadend,
          chequers_hall_statues_y, serial_shops, shop_statue, shop,
          gammafunk_ghost_stat_death, nicolae_shop_overcharged_wands
D:5:      layout_cave_pods, mainiacjoe_overflow_paths, gammafunk_ghost_split,
          nicolae_ossuary_entry_monument, nicolae_wormholes, uniq_ijyb
D:6:      layout_basic, mainiacjoe_overflow_alcove_1, kennysheep_generic_room_7
D:7:      layout_gridville, nicolae_overflow_crystal_walls,
          minmay_temple_entry_statues_pillars
D:8:      layout_loops_ring

Skill      XL: |  1  2  3  4  5  6  7  8  9 |
---------------+----------------------------+-----
Axes           | 2 3 4 5 |  5.6
Dodging        | 1 2 3 5 6 7 |  7.2
Fighting       | 3 4 5 6 |  6.5
Shields        | 3 4 5 6 |  6.0
Armour         | 3 4 5 6 |  6.2

Action                   |  1- 3 |  4- 6 |  7- 9 || total
-------------------------+-------+-------+-------++-------
Melee: War axe           |   118 |   188 |   230 ||   536
       Hand axe          |       |       |   304 ||   304
Throw: Dart              |       |     6 |    28 ||    34
  Use: Scroll            |     3 |     1 |    12 ||    16
       Potion            |     1 |     2 |    12 ||    15
Armor: Scale mail        |    58 |    60 |   140 ||   258
       Skin              |       |       |     5 ||     5
Dodge: Dodged            |    69 |   151 |   352 ||   572
Block: Buckler           |    25 |    54 |   142 ||   221
